[Event "Niedersachsen-ch A 2024"]
[Site "Verden Aller"]
[Date "2024.01.04"]
[Round "1.25"]
[White "Ehlert, Horst"]
[Black "Stein, Luis"]
[Result "1/2-1/2"]
[ECO "D13"]
[WhiteElo "1940"]
[BlackElo "1762"]
[Annotator "NA RC"]
[PlyCount "128"]
[EventDate "2024.01.01"]
[EventType "swiss"]
[EventCountry "GER"]
[SourceTitle "playchess.com"]
[Source "ChessBase"]
[SourceQuality "1"]
[TimeControl "40/5400+30:1800+30"]

1. c4 c6 2. Nf3 Nf6 3. d4 d5 4. cxd5 cxd5 5. Nc3 Nc6 6. Bf4 a6 7. Rc1 Bd7 8. e3 Qb6 9. Bd3 e6 10. Qe2 Nh5 11. Bg5 h6 12. Bh4 g5 13. Bg3 Nxg3 14. hxg3 Be7 15. O-O Bd6 16. Na4 Qc7 17. Nc5 g4 18. Ne5 Bxe5 19. dxe5 h5 20. f4 gxf3 21. Qxf3 O-O-O 22. Qf6 Rhf8 23. a3 Qb6 24. b4 Kb8 25. Rc2 Na7 26. Qe7 Bc6 27. Rxf7 Rfe8 28. Qg5 Rg8 29. Rg7 Rxg7 30. Qxg7 Be8 31. Qe7 Nb5 32. Bxb5 Bxb5 33. Qxe6 Qxe6 34. Nxe6 Re8 35. Nf4 Rxe5 36. Kf2 Bc6 37. Rc1 Ka7 38. Rh1 Be8 39. Rh4 Kb6 40. Ne2 Bd7 41. Rf4 Rg5 42. Nd4 Rg6 43. Rf8 Kc7 44. Rf7 Kd6 45. Rh7 Rg5 46. Rh6+ Kc7 47. Rf6 Rg7 $16 48. Ne2 Bg4 49. Nd4 Bd7 50. Nf3 Bg4 51. Ne5 Re7 52. Nxg4 hxg4 53. Rf4 Rg7 54. Rf6 Re7 55. Rf4 Rg7 56. Rd4 Kc6 57. Ke2 Rg5 58. Kd3 Kb5 59. e4 dxe4+ 60. Kxe4 Rg7 61. Kf5 Ka4 62. Rd3 b5 63. Kf4 Rg6 64. Kf5 Rg7 1/2-1/2

[Event "Niedersachsen-ch A 2024"]
[Site "Verden Aller"]
[Date "2024.01.04"]
[Round "1.26"]
[White "Gehrke, Mathias"]
[Black "Gottschalk, Siegfried"]
[Result "1/2-1/2"]
[ECO "A25"]
[WhiteElo "1761"]
[BlackElo "1939"]
[Annotator "RC"]
[PlyCount "70"]
[EventDate "2024.01.01"]
[EventType "swiss"]
[EventCountry "GER"]
[SourceTitle "playchess.com"]
[Source "ChessBase"]
[SourceQuality "1"]
[TimeControl "40/5400+30:1800+30"]

1. c4 e5 2. Nc3 Nc6 3. g3 g6 4. Bg2 Bg7 5. a3 Nf6 6. d3 O-O 7. b4 Re8 8. Rb1 Ne7 9. Bg5 h6 10. Bd2 d5 11. cxd5 Nexd5 12. Nxd5 Nxd5 13. Qc1 Kh7 14. h4 Be6 15. h5 g5 16. Qc2 Kg8 17. Nf3 Rc8 18. Nh2 c6 19. Nf1 Qe7 20. Ne3 f5 21. Qc5 b6 22. Qxe7 Rxe7 23. Nxd5 cxd5 24. b5 Rec7 25. e4 fxe4 26. dxe4 d4 27. Bh3 Bxh3 28. Rxh3 Bf8 29. g4 Bc5 30. Rbb3 Rf7 31. Rhd3 Rcf8 32. f3 Rc7 33. a4 Rb8 34. Ke2 Kf7 35. Rb1 Rcb7 1/2-1/2

[Event "Niedersachsen-ch A 2024"]
[Site "Verden Aller"]
[Date "2024.01.04"]
[Round "1.27"]
[White "Bisa, Gani"]
[Black "Carsten, Juergen"]
[Result "0-1"]
[ECO "D31"]
[WhiteElo "1931"]
[BlackElo "1749"]
[Annotator "RC"]
[PlyCount "146"]
[EventDate "2024.01.01"]
[EventType "swiss"]
[EventCountry "GER"]
[SourceTitle "playchess.com"]
[Source "ChessBase"]
[SourceQuality "1"]
[TimeControl "40/5400+30:1800+30"]

1. d4 d5 2. c4 e6 3. Nc3 c6 4. Nf3 Bd6 5. a4 Nd7 6. g3 Ne7 7. Bg2 O-O 8. O-O Ng6 9. Re1 Bb4 10. Nd2 Nf6 11. e4 dxe4 12. Ndxe4 Nxe4 13. Bxe4 f5 14. Bc2 Qf6 15. Rf1 f4 16. Bxg6 Qxg6 17. Ne2 Bd6 18. f3 fxg3 19. f4 gxh2+ 20. Kxh2 Qh5+ 21. Kg2 Qg4+ 22. Kh2 Rf6 23. Ng3 Qxd1 24. Rxd1 Bxf4 25. Kg2 Bd7 26. Nh5 Rg6+ 27. Kf3 Bxc1 28. Raxc1 e5 29. Ke4 exd4 30. Rxd4 Re8+ 31. Kd3 Bf5+ 32. Kc3 Rg4 33. Rd2 Bg6 34. Rh1 c5 35. b3 Re3+ 36. Kb2 Rd3 37. Re2 Rgd4 38. Re7 Rd7 39. Re5 b6 40. Nf4 Rd2+ 41. Ka3 Bf7 42. Rf1 Rd8 43. a5 Re8 44. Rf5 Rd7 45. Rf3 h6 46. Rg3 Be6 47. Re5 Bf7 48. Rf5 Rf8 49. Nd3 Rd6 50. Rgf3 Rdd8 51. Rg3 Be6 52. Re5 Bf5 53. Nf4 g5 54. Nd5 Kg7 55. Rf3 Bg6 56. Rfe3 bxa5 57. Ne7 Rd3 58. Re1 Rf7 59. Rxc5 Rff3 60. Rb5 Bf7 61. Ka4 Bxc4 62. Rb7 Rxb3 63. Rxb3 Bxb3+ 64. Kxa5 Bc4 65. Nc6 Rf5+ 66. Kb4 Bf7 67. Nxa7 g4 68. Nc8 g3 69. Rg1 Rg5 70. Nd6 Bg6 71. Kc3 h5 72. Nc4 h4 73. Ne3 h3 0-1

[Event "Niedersachsen-ch A 2024"]
[Site "Verden Aller"]
[Date "2024.01.04"]
[Round "1.29"]
[White "Heirich, Andreas"]
[Black "Schramm, Kilian"]
[Result "0-1"]
[ECO "D51"]
[WhiteElo "1925"]
[BlackElo "1729"]
[Annotator "RC"]
[PlyCount "92"]
[EventDate "2024.01.01"]
[EventType "swiss"]
[EventCountry "GER"]
[SourceTitle "playchess.com"]
[Source "ChessBase"]
[SourceQuality "1"]
[TimeControl "40/5400+30:1800+30"]

1. d4 Nf6 2. c4 e6 3. Nc3 Bb4 4. Bg5 d5 5. e3 Nbd7 6. Bxf6 Bxc3+ 7. bxc3 Nxf6 8. Nf3 O-O 9. Bd3 Qe7 10. Qc2 b6 11. cxd5 exd5 12. O-O Bb7 13. Rab1 Ne4 14. c4 dxc4 15. Bxc4 c5 16. Rfd1 cxd4 17. Rxd4 Rac8 18. Rb5 Nd6 19. Re5 Qc7 20. Rh5 g6 21. Rhh4 Nf5 22. Qd1 Nxd4 23. Rxd4 Bxf3 24. gxf3 Rcd8 25. Rxd8 Rxd8 26. Qb3 Qd7 27. Kg2 Qf5 28. h4 g5 29. hxg5 Qxg5+ 30. Kf1 Qf6 31. f4 h5 32. Be2 h4 33. Kg2 Qf5 34. Qc3 Rd6 35. Kh2 Rg6 36. Bd3 Qg4 37. Bxg6 fxg6 38. Qc4+ Kf8 39. Qf1 Qf3 40. a4 a6 41. Qg1 Kf7 42. Qf1 Ke7 43. Qg1 b5 44. axb5 axb5 45. Qg5+ Kf7 46. Qxh4 Qh5 0-1

[Event "Niedersachsen-ch A 2024"]
[Site "Verden Aller"]
[Date "2024.01.04"]
[Round "1.30"]
[White "Ahlbrecht, Malte"]
[Black "Kieselbach, Jannik"]
[Result "0-1"]
[ECO "D02"]
[WhiteElo "1727"]
[BlackElo "1885"]
[Annotator "NA RC"]
[PlyCount "100"]
[EventDate "2024.01.01"]
[EventType "swiss"]
[EventCountry "GER"]
[SourceTitle "playchess.com"]
[Source "ChessBase"]
[SourceQuality "1"]
[TimeControl "40/5400+30:1800+30"]

1. d4 Nf6 2. Nf3 e6 3. Bf4 d5 4. e3 Bd6 5. Ne5 O-O 6. Nd2 b6 7. c3 Bb7 8. Bd3 Ne4 9. Bxe4 dxe4 10. Qg4 Qe7 11. O-O Nd7 12. Rad1 Nf6 13. Qh4 Nd5 14. Qxe7 Nxe7 15. Rfe1 Rfd8 16. Nec4 Rac8 17. f3 Bxf4 18. exf4 exf3 19. Nxf3 Bxf3 20. gxf3 Rd5 21. Re5 Rcd8 22. Rde1 R5d7 23. Na3 h6 24. Nc2 Ng6 25. R5e4 Ne7 26. Re5 Nd5 27. f5 exf5 28. Rxf5 f6 29. c4 Ne7 30. Rf4 Kf7 31. Kf2 Nc6 32. Rfe4 Ne7 33. d5 c6 34. dxc6 Nxc6 35. f4 Rd2+ 36. R1e2 Rxe2+ 37. Kxe2 g6 38. b3 f5 39. Re3 g5 40. fxg5 hxg5 41. Rh3 Kg6 42. Re3 Kf6 43. Rh3 Ne7 44. Nb4 Ng6 45. Re3 Nf4+ 46. Kf3 Rh8 $19 47. Nd5+ Nxd5 48. cxd5 Rh3+ 49. Ke2 Rxe3+ 50. Kxe3 Ke5 0-1

[Event "Niedersachsen-ch A 2024"]
[Site "Verden Aller"]
[Date "2024.01.04"]
[Round "1.31"]
[White "Kozik, Andreas"]
[Black "Moller, Tomas"]
[Result "1/2-1/2"]
[ECO "D00"]
[WhiteElo "1912"]
[BlackElo "1553"]
[Annotator "NA RC"]
[PlyCount "67"]
[EventDate "2024.01.01"]
[EventType "swiss"]
[EventCountry "GER"]
[SourceTitle "playchess.com"]
[Source "ChessBase"]
[SourceQuality "1"]
[TimeControl "40/5400+30:1800+30"]

1. d4 d5 2. Bf4 Bf5 3. e3 Nf6 4. Nd2 e6 5. c3 c5 6. Ngf3 a6 7. Ne5 Nbd7 8. g4 Nxe5 9. gxf5 Nc6 10. fxe6 fxe6 11. Bh3 Qd7 12. Qe2 O-O-O 13. Rc1 Re8 14. dxc5 Bxc5 15. b4 Bd6 16. b5 axb5 17. Bxd6 Qxd6 18. Qxb5 Re7 19. Nf3 Ne4 20. Nd4 Rf8 21. Rc2 Nxd4 22. cxd4+ Rc7 23. Rxc7+ Qxc7 24. Bxe6+ Kb8 25. O-O Nd2 26. Bxd5 Nxf1 27. Kxf1 Qc1+ 28. Kg2 Qc8 29. Bf3 Rf6 30. Qe5+ Ka8 31. Qa5+ Kb8 32. Qe5+ Ka8 33. Qa5+ Kb8 34. Qe5+ 1/2-1/2

[Event "Niedersachsen-ch A 2024"]
[Site "Verden Aller"]
[Date "2024.01.04"]
[Round "1.32"]
[White "Burnus, Finn Crispin"]
[Black "Seer, Maurice"]
[Result "0-1"]
[ECO "D15"]
[WhiteElo "1655"]
[BlackElo "1912"]
[Annotator "RC"]
[PlyCount "70"]
[EventDate "2024.01.01"]
[EventType "swiss"]
[EventCountry "GER"]
[SourceTitle "playchess.com"]
[Source "ChessBase"]
[SourceQuality "1"]
[TimeControl "40/5400+30:1800+30"]

1. d4 d5 2. c4 c6 3. e3 Nf6 4. Nc3 a6 5. Nf3 Bf5 6. cxd5 cxd5 7. Bd3 Bxd3 8. Qxd3 e6 9. O-O Be7 10. Bd2 Nc6 11. Rad1 O-O 12. Rfe1 Rc8 13. e4 Nb4 14. Qb1 dxe4 15. Nxe4 Qb6 16. Bg5 Nbd5 17. Nxf6+ Bxf6 18. Bxf6 Nxf6 19. Re3 Rc7 20. Rb3 Qd6 21. Rc1 Rfc8 22. Rbc3 h6 23. Rxc7 Rxc7 24. h3 Nd5 25. a3 Nf4 26. Rxc7 Qxc7 27. Qe4 g5 28. h4 Qc1+ 29. Kh2 Qf1 30. Ne5 Qxf2 31. Qxb7 Ne2 32. Qa8+ Kg7 33. Qe4 Qg1+ 34. Kh3 Qh1+ 35. Kg4 f5+ 0-1

[Event "Niedersachsen-ch A 2024"]
[Site "Verden Aller"]
[Date "2024.01.04"]
[Round "1.33"]
[White "Boerma, Daniel"]
[Black "Hoke, Joshua"]
[Result "1-0"]
[ECO "D37"]
[WhiteElo "1905"]
[BlackElo "1600"]
[Annotator "NA RC"]
[PlyCount "53"]
[EventDate "2024.01.01"]
[EventType "swiss"]
[EventCountry "GER"]
[SourceTitle "playchess.com"]
[Source "ChessBase"]
[SourceQuality "1"]
[TimeControl "40/5400+30:1800+30"]

1. d4 d5 2. Nf3 Nf6 3. c4 e6 4. Nc3 Be7 5. Bf4 a6 6. cxd5 exd5 7. e3 O-O 8. Bd3 Nbd7 9. h3 c6 10. O-O Re8 11. Rc1 Nf8 12. Ne5 Ne6 13. Bh2 g6 14. Na4 Bd6 15. Qb3 Rb8 16. Nb6 c5 17. Nxd5 cxd4 18. e4 Nc5 19. Rxc5 Bxe5 20. Nxf6+ Qxf6 21. f4 Bd6 22. e5 Qe7 23. exd6 Qe3+ 24. Kh1 Be6 25. Qd1 Bxa2 26. d7 Red8 27. Re5 1-0

[Event "Niedersachsen-ch A 2024"]
[Site "Verden Aller"]
[Date "2024.01.04"]
[Round "1.34"]
[White "Ay, Furkan"]
[Black "Arndt, Felix"]
[Result "1-0"]
[ECO "B07"]
[WhiteElo "1544"]
[BlackElo "1901"]
[Annotator "NA RC"]
[PlyCount "63"]
[EventDate "2024.01.01"]
[EventType "swiss"]
[EventCountry "GER"]
[SourceTitle "playchess.com"]
[Source "ChessBase"]
[SourceQuality "1"]
[TimeControl "40/5400+30:1800+30"]

1. e4 d6 2. d4 Nf6 3. Nc3 c6 4. a4 Qc7 5. Nf3 Bg4 6. Bc4 e5 7. Be3 Be7 8. h3 Bxf3 9. Qxf3 O-O 10. O-O a5 11. Ne2 Na6 12. Ng3 Nb4 13. dxe5 dxe5 14. Rac1 Rad8 15. Nf5 g6 16. Nh6+ Kg7 17. h4 b5 18. axb5 cxb5 19. Bxb5 Qb7 20. Qg3 Qxe4 21. Rfe1 Nh5 22. Qg4 Qxg4 23. Nxg4 Bxh4 24. Bh6+ Kg8 25. Bxf8 Kxf8 26. Nxe5 Kg7 27. Bc4 Rd2 28. g3 Bf6 29. c3 Nc2 30. Re4 Bxe5 31. Rxe5 a4 32. Ra5 1-0

[Event "Niedersachsen-ch A 2024"]
[Site "Verden Aller"]
[Date "2024.01.04"]
[Round "1.35"]
[White "Soellig, Martin"]
[Black "Zweigait, Leon"]
[Result "0-1"]
[ECO "B23"]
[WhiteElo "1892"]
[BlackElo "1526"]
[Annotator "NA RC"]
[PlyCount "138"]
[EventDate "2024.01.01"]
[EventType "swiss"]
[EventCountry "GER"]
[SourceTitle "playchess.com"]
[Source "ChessBase"]
[SourceQuality "1"]
[TimeControl "40/5400+30:1800+30"]

1. e4 c5 2. Nc3 e6 3. Nge2 Nc6 4. g3 a6 5. Bg2 b5 6. a3 Bb7 7. O-O Qb6 8. d3 Nf6 9. h3 Be7 10. Bg5 h6 11. Be3 Rd8 12. Qd2 d5 13. exd5 exd5 14. d4 O-O 15. Rad1 Rfe8 16. dxc5 Bxc5 17. Bxc5 Qxc5 18. Nd4 Ne5 19. Nce2 Ne4 20. Qc1 Rd6 21. c3 Nc4 22. Kh2 a5 23. Nf4 b4 24. axb4 axb4 25. Nd3 Qc7 26. Nb5 Qb6 27. Nxd6 Ncxd6 28. cxb4 Ba6 29. f3 Nf6 30. Qc5 Qb8 31. Rfe1 Rc8 32. Qa5 Bxd3 33. Rxd3 Rc2 34. Rb3 Nf5 35. f4 Qb7 36. Kg1 Nd4 37. Rbe3 Rxb2 38. Re7 Qxb4 39. Qxb4 Rxb4 40. Rd1 Nf5 41. Ra7 Nxg3 42. Bxd5 Nxd5 43. Rxd5 Rxf4 44. Kg2 Nf5 45. Rd8+ Kh7 46. Rdd7 Kg6 47. Kh2 Nd4 48. Ra6+ Kh5 49. Rad6 Ne2 50. Kg2 g5 51. Rc6 Nd4 52. Rc4 Ne6 53. Rc8 Kh4 54. Rh8 h5 55. Ra7 Rf5 56. Ra4+ Nf4+ 57. Kh2 Re5 58. Rf8 f5 59. Ra2 Nxh3 60. Kg2 g4 61. Rg8 f4 62. Rga8 f3+ 63. Kf1 Kg3 64. R8a5 Rxa5 65. Rxa5 h4 66. Ra4 Nf4 67. Ra8 h3 68. Rh8 Ng2 69. Kg1 f2+ 0-1

[Event "Niedersachsen-ch A 2024"]
[Site "Verden Aller"]
[Date "2024.01.04"]
[Round "2.1"]
[White "Stoy, Ulf"]
[Black "Carlstedt, Jonathan"]
[Result "0-1"]
[ECO "A20"]
[WhiteElo "1985"]
[BlackElo "2447"]
[Annotator "RC"]
[PlyCount "82"]
[EventDate "2024.01.01"]
[EventType "swiss"]
[EventCountry "GER"]
[SourceTitle "playchess.com"]
[Source "ChessBase"]
[SourceQuality "1"]
[TimeControl "40/5400+30:1800+30"]

1. c4 e5 2. g3 Nf6 3. Bg2 c6 4. d4 Bb4+ 5. Nc3 d6 6. e3 Qa5 7. Nge2 Be6 8. Qb3 b5 9. a3 Bxc3+ 10. Qxc3 Qxc3+ 11. Nxc3 Bxc4 12. a4 b4 13. dxe5 dxe5 14. Ne4 Nxe4 15. Bxe4 Bd5 16. Bxd5 cxd5 17. a5 Na6 18. Ke2 Ke7 19. Rd1 Ke6 20. Bd2 Rhc8 21. Rdc1 Rab8 22. Rxc8 Rxc8 23. Rc1 Rxc1 24. Bxc1 Kd6 25. f4 e4 26. Kd2 Kc6 27. b3 Nc5 28. Bb2 g6 29. Kc2 a6 30. Bf6 Kb5 31. Bd4 Nb7 32. Be5 Nxa5 33. Bd4 Nc6 34. Bg7 a5 35. Ba1 a4 36. Bg7 axb3+ 37. Kxb3 Na5+ 38. Kc2 Kc4 39. Bb2 Nc6 40. Ba1 d4 41. exd4 Nxd4+ 0-1

[Event "Niedersachsen-ch A 2024"]
[Site "Verden Aller"]
[Date "2024.01.04"]
[Round "2.2"]
[White "Schulz, Jens"]
[Black "Koch, Yannick"]
[Result "0-1"]
[ECO "B15"]
[WhiteElo "2152"]
[BlackElo "1981"]
[Annotator "RC"]
[PlyCount "136"]
[EventDate "2024.01.01"]
[EventType "swiss"]
[EventCountry "GER"]
[SourceTitle "playchess.com"]
[Source "ChessBase"]
[SourceQuality "1"]
[TimeControl "40/5400+30:1800+30"]

1. e4 c6 2. d4 d5 3. Nc3 dxe4 4. Nxe4 Nf6 5. Nxf6+ exf6 6. Nf3 Bd6 7. Be2 O-O 8. O-O Bg4 9. Be3 Re8 10. Re1 Nd7 11. h3 Be6 12. c4 Nf8 13. Qd2 Qd7 14. Bf1 Bf5 15. Red1 Be4 16. Ne1 Bc7 17. Bd3 Qd6 18. g3 Qd7 19. Bxe4 Rxe4 20. Kg2 f5 21. Nd3 b6 22. Nf4 Bxf4 23. gxf4 Ng6 24. Rac1 Qd6 25. d5 Nxf4+ 26. Bxf4 Rxf4 27. dxc6 Qxc6+ 28. Qd5 Qg6+ 29. Kf1 Re8 30. Rc3 Qh5 31. Re3 Rfe4 32. Rxe4 Qxh3+ 33. Kg1 fxe4 34. Qxe4 Qc8 35. Qd4 h6 36. Rd3 Re1+ 37. Kg2 Qc6+ 38. Qd5 Qg6+ 39. Rg3 Qe4+ 40. Qxe4 Rxe4 41. Ra3 a5 42. Rb3 Rxc4 43. Rxb6 g6 44. b3 Rc2 45. a4 Rb2 46. Rb5 Kg7 47. Kg3 g5 48. Kg2 Kg6 49. Rxa5 Rxb3 50. Ra8 Ra3 51. a5 h5 52. a6 h4 53. Kh2 Kf5 54. a7 Kf4 55. Kg1 Kg4 56. Kg2 Ra2 57. Kg1 Kh3 58. Kf1 Ra1+ 59. Ke2 Kg4 60. Ke3 Ra3+ 61. Ke4 f5+ 62. Ke5 Ra5+ 63. Kf6 Ra6+ 64. Ke5 h3 65. f3+ Kxf3 66. Kxf5 h2 67. Rh8 Rxa7 68. Rxh2 Ra5+ 0-1

[Event "Niedersachsen-ch A 2024"]
[Site "Verden Aller"]
[Date "2024.01.04"]
[Round "2.3"]
[White "Stotyn, Fabian"]
[Black "Kieselbach, Marvin"]
[Result "1-0"]
[ECO "B59"]
[WhiteElo "2139"]
[BlackElo "1926"]
[Annotator "NA RC"]
[PlyCount "68"]
[EventDate "2024.01.01"]
[EventType "swiss"]
[EventCountry "GER"]
[SourceTitle "playchess.com"]
[Source "ChessBase"]
[SourceQuality "1"]
[TimeControl "40/5400+30:1800+30"]

1. e4 c5 2. Nf3 Nc6 3. d4 cxd4 4. Nxd4 Nf6 5. Nc3 d6 6. Be2 e5 7. Nb3 Be6 8. Bg5 Be7 9. Bxf6 Bxf6 10. Bg4 Qd7 11. Bxe6 fxe6 12. Qh5+ Qf7 13. Qxf7+ Kxf7 14. O-O-O Rhd8 15. Rd3 Nb4 16. Rh3 Rac8 17. a3 Na6 18. Nb5 Nc7 19. Nc3 Na6 20. Rd1 Nc5 21. Na5 b6 22. Nc4 Ke7 23. b3 b5 24. Nxb5 Nxe4 25. Rxh7 a6 26. Na7 Rc5 27. Na5 Kd7 28. Nb7 Rc7 29. Nxd8 Kxd8 30. f3 Bg5+ 31. Kb2 Nf6 32. Rh8+ Kd7 33. Nc8 Rc6 34. Nxd6 Rxd6 1-0

[Event "Niedersachsen-ch A 2024"]
[Site "Verden Aller"]
[Date "2024.01.04"]
[Round "2.4"]
[White "Reins, Henning"]
[Black "Lichtmannecker, Daniel"]
[Result "0-1"]
[ECO "B13"]
[WhiteElo "1950"]
[BlackElo "2124"]
[Annotator "NA RC"]
[PlyCount "60"]
[EventDate "2024.01.01"]
[EventType "swiss"]
[EventCountry "GER"]
[SourceTitle "playchess.com"]
[Source "ChessBase"]
[SourceQuality "1"]
[TimeControl "40/5400+30:1800+30"]

1. e4 c6 2. d4 d5 3. exd5 cxd5 4. Bd3 Nc6 5. c3 Nf6 6. Bf4 Bg4 7. Nf3 e6 8. Qb3 Qc8 9. Ne5 Nxe5 10. dxe5 Nd7 11. O-O Be7 12. Nd2 O-O 13. Qc2 g6 14. Nb3 Nc5 15. Nd4 Bf5 16. Bxf5 gxf5 17. Rfe1 Kh8 18. Re3 Rg8 19. Rh3 Rg4 20. Be3 Qg8 21. f3 Rg6 22. Kh1 Nd7 23. Bf4 a6 24. Rg1 Rc8 25. Rh5 Bc5 26. Qd3 Qg7 27. Rd1 Rxg2 28. Bg3 Rxb2 29. Nxf5 Qg6 30. Nh6 Qxh5 0-1

[Event "Niedersachsen-ch A 2024"]
[Site "Verden Aller"]
[Date "2024.01.04"]
[Round "2.5"]
[White "Peters, Tom"]
[Black "Kieselbach, Jannik"]
[Result "1-0"]
[ECO "C54"]
[WhiteElo "2102"]
[BlackElo "1885"]
[Annotator "NA RC"]
[PlyCount "33"]
[EventDate "2024.01.01"]
[EventType "swiss"]
[EventCountry "GER"]
[SourceTitle "playchess.com"]
[Source "ChessBase"]
[SourceQuality "1"]
[TimeControl "40/5400+30:1800+30"]

1. e4 e5 2. Nf3 Nc6 3. Bc4 Bc5 4. c3 Nf6 5. d3 d6 6. Nbd2 a6 7. Bb3 O-O 8. Qe2 Ba7 9. h3 Be6 10. Nf1 Nd7 11. Bg5 Qe8 12. Ng3 f6 13. Bd2 Qf7 14. Bxe6 Qxe6 15. Nf5 d5 16. N3h4 Rad8 17. Qg4 1-0

[Event "Niedersachsen-ch A 2024"]
[Site "Verden Aller"]
[Date "2024.01.04"]
[Round "2.6"]
[White "Seer, Maurice"]
[Black "Celik, Abdullah"]
[Result "0-1"]
[ECO "B90"]
[WhiteElo "1912"]
[BlackElo "2081"]
[Annotator "RC"]
[PlyCount "146"]
[EventDate "2024.01.01"]
[EventType "swiss"]
[EventCountry "GER"]
[SourceTitle "playchess.com"]
[Source "ChessBase"]
[SourceQuality "1"]
[TimeControl "40/5400+30:1800+30"]

1. e4 c5 2. Nf3 d6 3. d4 cxd4 4. Nxd4 Nf6 5. Nc3 a6 6. Be3 e5 7. Nb3 Be6 8. f3 Nbd7 9. Qd2 h5 10. h3 b5 11. Qf2 b4 12. Na4 Be7 13. Bd3 Qc7 14. Nb6 Nxb6 15. Bxb6 Qc8 16. Nd2 a5 17. Be3 h4 18. Bg5 Ng8 19. Bxe7 Nxe7 20. f4 exf4 21. Qxf4 Qc5 22. Rf1 Ng6 23. Qf2 Qxf2+ 24. Rxf2 Ne5 25. Bb5+ Ke7 26. Nf3 Nxf3+ 27. Rxf3 a4 28. a3 Rhb8 29. Bd3 bxa3 30. bxa3 Ra5 31. Rf2 Rc5 32. Rd2 Rb2 33. Ke2 Rc3 34. Ke3 Ra2 35. Rxa2 Bxa2 36. Kd4 Rxa3 37. Bc4 Bxc4 38. Kxc4 Re3 39. Kd4 Re1 40. c4 Ra1 41. e5 dxe5+ 42. Kxe5 a3 43. Kd5 Kd7 44. Kc5+ Kc7 45. Rc2 f5 46. Rd2 g5 47. Kd5 f4 48. Kc5 Re1 49. Rc2 Re3 50. Rd2 f3 51. gxf3 Rxf3 52. Rh2 Rb3 53. Rh1 a2 54. Ra1 Rb2 55. Kd5 Kb6 56. Kd4 Kc6 57. Kc3 Rh2 58. Kd4 Kd6 59. c5+ Kc6 60. Kc4 Rf2 61. Rg1 Rf4+ 62. Kb3 Rf3+ 63. Kxa2 Rg3 64. Rh1 Kxc5 65. Rh2 Kd4 66. Kb2 Ke4 67. Kc2 Kf3 68. Kd3 Rg1 69. Kd4 Kg3 70. Re2 Kxh3 71. Ke4 Rf1 72. Re3+ Kg4 73. Kd3 Rf3 0-1

[Event "Niedersachsen-ch A 2024"]
[Site "Verden Aller"]
[Date "2024.01.04"]
[Round "2.7"]
[White "Lau, Udo"]
[Black "Boerma, Daniel"]
[Result "1/2-1/2"]
[ECO "D34"]
[WhiteElo "2071"]
[BlackElo "1905"]
[Annotator "NA RC"]
[PlyCount "124"]
[EventDate "2024.01.01"]
[EventType "swiss"]
[EventCountry "GER"]
[SourceTitle "playchess.com"]
[Source "ChessBase"]
[SourceQuality "1"]
[TimeControl "40/5400+30:1800+30"]

1. d4 Nf6 2. g3 d5 3. Bg2 e6 4. Nf3 c5 5. O-O cxd4 6. Nxd4 Nc6 7. c4 Be7 8. Nc3 O-O 9. cxd5 exd5 10. Bf4 a6 11. Rc1 Be6 12. Nxe6 fxe6 13. Bh3 e5 14. Bg5 d4 15. Bxf6 Bxf6 16. Ne4 Kh8 17. a3 Qe7 18. Qd3 Rfd8 19. Rc5 Qf7 20. Rfc1 Be7 21. R5c2 Qd5 22. Bg2 Qf7 23. h4 Rf8 24. Rf1 Rac8 25. Nd2 Qe6 26. Be4 Nd8 27. Bxh7 Rxc2 28. Qxc2 Bxh4 29. Bd3 Qh3 30. Ne4 Ne6 31. e3 Be7 32. f4 dxe3 33. fxe5 Nd4 34. Rxf8+ Bxf8 35. Qd1 Qf5 36. Kg2 g6 37. Qh1+ Kg7 38. Qh4 Qf3+ 39. Kh2 e2 40. Qf6+ Qxf6 41. exf6+ Kh6 42. Bxe2 Nxe2 43. Kh3 Nd4 44. Kg4 Ne6 45. Nc3 Kh7 46. Kf3 Kg8 47. Ke4 Kf7 48. Ke5 Nd8 49. Ne4 Nc6+ 50. Kd5 g5 51. g4 Nd8 52. Nxg5+ Kxf6 53. Nh7+ Kf7 54. Nxf8 Kxf8 55. Kd6 Nc6 56. Kc7 Na5 57. Kb6 Nc4+ 58. Kxb7 a5 59. b3 Nxa3 60. Ka6 Nc4 61. Kb5 Nd2 62. Kxa5 Nxb3+ 1/2-1/2

[Event "Niedersachsen-ch A 2024"]
[Site "Verden Aller"]
[Date "2024.01.04"]
[Round "2.8"]
[White "Carsten, Juergen"]
[Black "Nielsen, Lars Aaes"]
[Result "0-1"]
[ECO "C01"]
[WhiteElo "1749"]
[BlackElo "2202"]
[Annotator "RC"]
[PlyCount "126"]
[EventDate "2024.01.01"]
[EventType "swiss"]
[EventCountry "GER"]
[SourceTitle "playchess.com"]
[Source "ChessBase"]
[SourceQuality "1"]
[TimeControl "40/5400+30:1800+30"]

1. e4 e6 2. d4 d5 3. Bd3 dxe4 4. Bxe4 Nf6 5. Bg5 Be7 6. Bd3 h6 7. Bh4 O-O 8. Nf3 b6 9. Nbd2 Bb7 10. O-O Nbd7 11. Re1 c5 12. c3 Nd5 13. Bxe7 Qxe7 14. Ne4 Rfd8 15. Rc1 Rac8 16. Bb1 N7f6 17. Qd2 cxd4 18. cxd4 Rxc1 19. Qxc1 Rc8 20. Qd2 Qc7 21. Ne5 a5 22. a3 Nxe4 23. Bxe4 Ne7 24. Bxb7 Qxb7 25. h3 Rd8 26. Qf4 Nf5 27. Rd1 f6 28. Nf3 Qd5 29. Qc7 Rd6 30. Qc8+ Kh7 31. Qc2 Rc6 32. Qb1 Kg8 33. b4 a4 34. Rc1 Qb3 35. Qa1 Rc2 36. Rxc2 Qxc2 37. g4 Nd6 38. Ne1 Qb3 39. Kg2 b5 40. Qc1 Nc4 41. Nc2 Qc3 42. Kh2 Nxa3 43. Qxa3 Qxc2 44. Qf3 Kh7 45. Kg2 f5 46. Qa3 Qe4+ 47. Kg1 Qxd4 48. gxf5 exf5 49. Qf3 Qe4 50. Qa3 Qb1+ 51. Kg2 Qb3 52. Qc1 Qxb4 53. Qc8 Qe4+ 54. Kg3 Qd3+ 55. Kg2 b4 56. Qb8 b3 57. h4 a3 58. h5 b2 59. Qb6 f4 60. f3 b1=Q 61. Qf2 a2 62. Kh2 a1=Q 63. Qf1 Qe2+ 0-1

[Event "Niedersachsen-ch A 2024"]
[Site "Verden Aller"]
[Date "2024.01.04"]
[Round "2.9"]
[White "Jacobi, Felix-Hagen"]
[Black "Tenne, Fabian"]
[Result "1-0"]
[ECO "C01"]
[WhiteElo "2056"]
[BlackElo "1817"]
[Annotator "NA RC"]
[PlyCount "97"]
[EventDate "2024.01.01"]
[EventType "swiss"]
[EventCountry "GER"]
[SourceTitle "playchess.com"]
[Source "ChessBase"]
[SourceQuality "1"]
[TimeControl "40/5400+30:1800+30"]

1. e4 e6 2. d4 d5 3. exd5 exd5 4. Bd3 Bd6 5. c3 Nc6 6. Ne2 Nge7 7. Ng3 g6 8. Bg5 Be6 9. Bf6 Rg8 10. Nd2 Qd7 11. Qc2 Bg4 12. O-O Qe6 13. Bxe7 Nxe7 14. f3 Bh5 15. Rfe1 Qf6 16. Ndf1 O-O-O 17. Qf2 Qg5 18. Re2 f5 19. Rae1 Rd7 20. Re6 f4 21. Nxh5 Qxh5 22. R1e2 Nf5 23. Bxf5 gxf5 24. Qe1 Rdg7 25. Re8+ Kd7 26. Rxg8 Rxg8 27. Nd2 Qg5 28. Nb3 b6 29. Nc1 Rg7 30. Nd3 Re7 31. Kf1 Re3 32. Nf2 Qe7 33. Nd1 Rxe2 34. Qxe2 Qxe2+ 35. Kxe2 Kc6 36. Kd3 a5 37. a4 Be7 38. b3 Bh4 39. c4 Be1 40. Ke2 Bb4 41. Nf2 h6 42. Kd3 Be7 43. Kc3 Bb4+ 44. Kc2 Be7 45. Nd3 Bd6 46. Kc3 h5 47. h3 h4 48. Kc2 dxc4 49. bxc4 1-0

[Event "Niedersachsen-ch A 2024"]
[Site "Verden Aller"]
[Date "2024.01.04"]
[Round "2.10"]
[White "Miljkovic, Jovana"]
[Black "Hoke, Adrian"]
[Result "1-0"]
[ECO "D30"]
[WhiteElo "2035"]
[BlackElo "1765"]
[Annotator "NA RC"]
[PlyCount "71"]
[EventDate "2024.01.01"]
[EventType "swiss"]
[EventCountry "GER"]
[SourceTitle "playchess.com"]
[Source "ChessBase"]
[SourceQuality "1"]
[TimeControl "40/5400+30:1800+30"]

1. Nf3 Nf6 2. c4 e6 3. g3 d5 4. d4 c5 5. cxd5 exd5 6. Bg2 Nc6 7. O-O cxd4 8. Nxd4 Bc5 9. Nxc6 bxc6 10. Qc2 Qb6 11. Nc3 Be7 12. Na4 Qb5 13. Be3 Bf5 14. Qxf5 Qxa4 15. b3 Qg4 16. Qxg4 Nxg4 17. Bd4 Bf6 18. Bxf6 Nxf6 19. Rac1 Kd7 20. Rc2 g5 21. Rfc1 Rac8 22. f3 h5 23. e4 dxe4 24. fxe4 Rhe8 25. Rf1 Nxe4 26. Rxf7+ Kd6 27. Bxe4 Rxe4 28. Rxa7 Rce8 29. Rh7 h4 30. Rh6+ Kd7 31. gxh4 gxh4 32. Rhxc6 h3 33. R6c3 Rg8+ 34. Rg3 Re1+ 35. Kf2 Rh1 36. Rd2+ 1-0